 Dungeon Crawl Stone Soup version 0.21.0 (webtiles) character file.

867 Jinx the Grave Robber (level 7, -1/57 HPs)
             Began as a Mummy Necromancer on May 15, 2018.
             Slain by dipablo's ghost (4 damage)
             ... on level 5 of the Dungeon.
             The game lasted 00:14:27 (6037 turns).

Jinx the Grave Robber (Mummy Necromancer)           Turns: 6037, Time: 00:14:28

Health: -1/57      AC:  2    Str: 11    XL:     7   Next: 73%
Magic:  11/11      EV: 12    Int: 16    God:
Gold:   241        SH:  0    Dex: 13    Spells: 3/11 levels left

rFire    x . .     SeeInvis .   t - +0 spear
rCold    + . .     Gourm    .   (no shield)
rNeg     + + +     Faith    .   a - +0 robe
rPois    ∞         Spirit   .   (no helmet)
rElec    .         Reflect  .   (no cloak)
rCorr    .         Harm     .   (no gloves)
MR       .....                  (no boots)
Stlth    ++........             (no amulet)
HPRegen  0.19/turn              (no ring)
MPRegen  0.12/turn              (no ring)

@: no status effects
A: no food or potions, fire vulnerability, cold resistance 1, negative energy
resistance 3, torment resistance, unbreathing
a: no special abilities


You were on level 5 of the Dungeon.
You were not hungry.

You visited 1 branch of the dungeon, and saw 6 of its levels.

You collected 241 gold pieces.

Inventory:

Hand Weapons
 p - a +0 whip
 r - a +0 falchion
 t - a +0 spear (weapon)
Armour
 a - a +0 robe (worn)
Jewellery
 h - a cursed ring of loudness {unknown}
 k - a cursed ring of loudness {unknown}
 m - an uncursed ring of ice {unknown}
Scrolls
 c - 2 scrolls of enchant armour {unknown}
 d - a scroll of fog {unknown}
 e - 4 scrolls of identify {unknown}
 f - 4 scrolls of amnesia {unknown}
 g - a scroll of random uselessness {unknown}
 i - 2 scrolls of blinking {unknown}
 j - 4 scrolls of immolation {unknown}
 l - 2 scrolls of remove curse {unknown}
 n - a scroll of noise {unknown}
 o - a scroll of enchant weapon {unknown}
 q - 3 scrolls of teleportation {unknown}
 s - a scroll of fear {unknown}
Books
 b - a book of Necromancy

   Spells                             Type                      Level
   a - Pain                           Necromancy                   1
   b - Animate Skeleton               Necromancy                   1
   c - Vampiric Draining              Necromancy                   3
   d - Regeneration                   Charms/Necromancy            3
   e - Animate Dead                   Necromancy                   4
   f - Borgnjor's Vile Clutch         Necromancy/Earth             5


   Skills:
 + Level 5.8 Fighting
 + Level 1.3 Polearms
 - Level 1.5 Dodging
 - Level 1.5 Stealth
 - Level 2.9 Spellcasting
 + Level 7.2 Necromancy


You had 3 spell levels left.
You knew the following spells:

 Your Spells              Type           Power        Failure   Level  Hunger
a - Pain                  Necr           ####         1%          1    N/A
b - Vampiric Draining     Necr           ####......   2%          3    N/A
c - Animate Dead          Necr           N/A          10%         4    N/A

Dungeon Overview and Level Annotations

Branches:
Dungeon (6/15)
 Temple: D:4-7

Altars:
Cheibriados
Dithmenos
Makhleb
Okawaru
Qazlal
Uskayaw
Vehumet
Xom

Annotations:
D:3 Sigmund
D:4 exclusion: statue
D:5 Menkaure; dipablo's ghost, novice MiFi


Innate Abilities, Weirdness & Mutations

You do not eat or drink.
Your flesh is vulnerable to fire.
You are immune to poison.
Your flesh is cold resistant. (rC+)
You are immune to negative energy. (rN+++)
You are immune to unholy pain and torment.
You can survive without breathing.


Message History

You can't drain life from that!
You barely miss Menkaure.
Menkaure is moderately damaged.
Menkaure rustles in an indecipherable tongue.
Menkaure hits you! Menkaure barely misses you.
You climb upwards.
Level annotation: dipablo's ghost, novice MiFi Dipablo's ghost hits you.
* * * LOW HITPOINT WARNING * * *
There is a stone staircase leading down here.
Dipablo's ghost closely misses you. Dipablo's ghost barely misses you.
Found a fizzy dark potion.
Menkaure mumbles some strange words.
Menkaure seems to speed up.
There is a stone staircase leading up here.
Dipablo's ghost hits you!
* * * LOW HITPOINT WARNING * * *
You die...

#........................>#
#.........#.#########.....#
#.........#.# #.....#
#...<.....#.### ##....#
########......#######.....##
....#####.#...........#..M.#
###..#......###.##########.##
.......##.#.# #..## #..#
.###!.##....# ##@.##
####.##### ## ##.##.#.##
##W.## #.....!..# #.##.#.#
##..# #..M.....# # #.##...##
##M####........# ###
#..)....## #....M........#
..# ##.......##
#####.........# #.#
#.........# ##........#
#.###.........# #........#
#...#.........# #........#


You could see Menkaure and dipablo's ghost.

Vanquished Creatures
  An ice beast (D:5)
  2 centaurs
  An ogre (D:4)
  2 scorpions
  3 hounds
  A bullfrog skeleton (D:5)
  A jelly (D:5)
  An orc wizard (D:4)
  3 worker ants (D:4)
  3 gnolls (D:5)
  6 adders
  An adder skeleton (D:4)
  2 worms
  4 dart slugs
  5 leopard geckos
  8 orcs
  4 giant cockroaches
  13 goblins
  7 hobgoblins
  2 jackals (D:3)
  A quokka (D:3)
  4 ball pythons
  4 bats
  5 frilled lizards
  6 kobolds
  2 leopard gecko skeletons
  8 rats
100 creatures vanquished.

Vanquished Creatures (others)
  A hobgoblin (D:3)
1 creature vanquished.

Grand Total: 101 creatures vanquished

Notes
Turn   | Place    | Note
-------+----------+-------------------------------------------
     0 | D:1      | Jinx the Mummy Necromancer began the quest for the Orb.
     0 | D:1      | Reached XP level 1. HP: 13/13 MP: 4/4
   281 | D:1      | Reached skill level 1 in Fighting
   286 | D:1      | Reached XP level 2. HP: 21/21 MP: 0/5
  1045 | D:1      | Reached XP level 3. HP: 27/27 MP: 1/7
  1453 | D:2      | Noticed a scorpion
  1476 | D:2      | Killed a scorpion
  1476 | D:2      | Reached XP level 4. HP: 34/34 MP: 1/8
  1600 | D:2      | Reached skill level 5 in Necromancy
  2258 | D:3      | Learned a level 3 spell: Vampiric Draining
  2307 | D:3      | Noticed Sigmund
  2531 | D:3      | Found a stormy altar of Qazlal.
  2651 | D:3      | Reached XP level 5. HP: 41/41 MP: 3/9
  2918 | D:3      | Found a snail-covered altar of Cheibriados.
  2934 | D:3      | Found an iron altar of Okawaru.
  3111 | D:3      | Found a shimmering altar of Xom.
  3117 | D:3      | Found a hide-covered altar of Uskayaw.
  3319 | D:4      | Noticed an ogre
  3342 | D:4      | Killed an ogre
  3448 | D:4      | Found a radiant altar of Vehumet.
  3449 | D:4      | Noticed a frost-covered statue
  3492 | D:4      | Found a burning altar of Makhleb.
  3499 | D:4      | Reached XP level 6. HP: 40/48 MP: 4/10
  3615 | D:4      | Learned a level 4 spell: Animate Dead
  3817 | D:4      | Reached skill level 6 in Necromancy
  5053 | D:5      | Entered Level 5 of the Dungeon
  5058 | D:5      | Reached XP level 7. HP: 54/55 MP: 6/11
  5084 | D:5      | Reached skill level 5 in Fighting
  5481 | D:5      | Reached skill level 7 in Necromancy
  5711 | D:5      | Noticed dipablo's ghost (novice MiFi)
  5759 | D:5      | Found a shadowy altar of Dithmenos.
  5806 | D:5      | Reached skill level 1 in Polearms
  6010 | D:6      | Noticed Menkaure
  6037 | D:5      | Slain by dipablo's ghost

Skill      XL: |  1  2  3  4  5  6  7 |
---------------+----------------------+-----
Fighting       | 1 2 3 4 5 |  5.8
Necromancy     | 5 6 7 |  7.2
Polearms       | 1 |  1.3
Dodging        | |  1.5
Stealth        | |  1.5
Spellcasting   | |  2.9

Action                   |  1- 3 |  4- 6 |  7- 9 || total
-------------------------+-------+-------+-------++-------
Melee: Unarmed           |     2 |       |       ||     2
       Whip              |       |     6 |       ||     6
       Falchion          |       |     2 |    14 ||    16
       Spear             |       |       |    14 ||    14
 Cast: Pain              |    61 |   143 |    46 ||   250
       Vampiric Draining |       |     3 |     2 ||     5
       Animate Dead      |       |     1 |     1 ||     2
 Stab: Sleeping          |       |     1 |     2 ||     3
Armor: Robe              |     2 |     6 |     3 ||    11
Dodge: Dodged            |     7 |    42 |    30 ||    79
       Rpst.: Falchion   |       |     1 |     5 ||     6
